 Dungeon Crawl Stone Soup version 0.29.1-15-g9cfb28693d (webtiles) character file.

Game seed: 5791667454507172351

32 Peloso the Covered (level 3, -6/33 HPs)
             Began as a Minotaur Fighter on Apr 22, 2023.
             Mangled by Terence
             ... wielding a +1 vorpal flail
              (8 damage)
             ... on level 2 of the Dungeon.
             The game lasted 00:02:57 (1044 turns).

Peloso the Covered (Minotaur Fighter)               Turns: 1044, Time: 00:02:57

Health: -6/33      AC:  7    Str: 20    XL:     3   Next: 8%
Magic:  2/2        EV:  9    Int:  5    God:
Gold:   71         SH:  5    Dex: 11    Spells: 2/2 levels left

rFire   . . .      SeeInvis .   a - +0 long sword
rCold   + . .      Faith    .   d - +1 buckler
rNeg    . . .      Spirit   .   b - +0 scale mail
rPois   .          Reflect  .   (helmet restricted)
rElec   .          Harm     .   (no cloak)
rCorr   .          Rampage  .   (no gloves)
Will    .....                   (no boots)
Stlth   ..........              (no amulet)
HPRegen 0.11/turn               j - ring of protection from cold
MPRegen 0.08/turn               (no ring)

@: no status effects
A: horns 2, retaliatory headbutt
a: no special abilities


You were on level 2 of the Dungeon.
You visited 1 branch of the dungeon, and saw 2 of its levels.

You collected 71 gold pieces.

Inventory:

Hand Weapons
 a - a +0 long sword (weapon)
Armour
 b - a +0 scale mail (worn)
 c - a +0 chain mail
 d - a +1 buckler (worn)
Jewellery
 j - a ring of protection from cold (left hand)
Scrolls
 g - 2 scrolls of enchant armour
 h - a scroll of identify
 i - 2 scrolls of noise
 k - 2 scrolls of teleportation
Potions
 e - 2 potions of brilliance {unknown}
 f - a potion of curing
 l - a potion of might


   Skills:
 + Level 3.8 Fighting
 + Level 2.6 Long Blades
 + Level 4.4 Armour
 + Level 4.2 Shields


You had 2 spell levels left.
You didn't know any spells.
Your spell library was empty.

Dungeon Overview and Level Annotations

Branches:
Dungeon (2/15)

Altars:
Elyvilon

Shops:
D:1 [((!

Annotations:
D:2 Terence


Innate Abilities, Weirdness & Mutations

You have a pair of horns on your head.
You reflexively headbutt those who attack you in melee.


Message History

You finish putting on your +1 buckler.
You see here a potion of might.
l - a potion of might
k - 2 scrolls of teleportation (gained 1) Terence the Incautious comes into view.
He is wielding a +1 vorpal flail.
Terence shouts!
Terence is nearby!
Terence is nearby!
Terence is nearby!
You hit Terence. You headbutt Terence, but do no damage.
Terence is lightly wounded.
Terence hits you with a +1 vorpal flail.
You closely miss Terence. Your headbutt misses Terence.
Terence is lightly wounded.
Terence hits you with a +1 vorpal flail!
Terence barely misses you.
You hit Terence.
Terence is lightly wounded.
You block Terence's attack.
You hit Terence.
Terence is moderately wounded.
Terence closely misses you.
You completely miss Terence.
Terence is moderately wounded.
You block Terence's attack.
Terence hits you with a +1 vorpal flail.
You hit Terence but do no damage.
Terence is moderately wounded.
Terence hits you with a +1 vorpal flail.
You closely miss Terence.
Terence is moderately wounded.
Terence hits you with a +1 vorpal flail.
You hit Terence.
Terence is heavily wounded.
Terence hits you with a +1 vorpal flail.
* * * LOW HITPOINT WARNING * * *
x2 You hit Terence.
Terence is heavily wounded.
Terence hits you with a +1 vorpal flail!
You die...

..###.####
#>.........##.#####
......#
#..###.###.##.#....
#.##### #..#
#.#<#.##.#.### #.#
#..# #.#.#.##.#.# #.#
#..# #.#......#.# #.#
#..###.###.##.#.# #.#
...)......<#.#.# #.#
#@###.####.#...#
#.##############@###.#
#.#####
#....................#
#.#
#.##############.#####
#.# ### #... ..# #.###
### ###


You could see Terence.

Vanquished Creatures
  A dart slug (D:1)
  4 endoplasms
  2 goblins (D:1)
  4 hobgoblins (D:1)
  6 jackals
  A quokka (D:1)
  4 bats (D:1)
  A kobold (D:1)
  A rat (D:1)
24 creatures vanquished.

Notes
Turn   | Place    | Note
-------+----------+-------------------------------------------
     0 | D:1      | Peloso the Minotaur Fighter began the quest for the Orb.
     0 | D:1      | Reached XP level 1. HP: 19/19 MP: 0/0
    73 | D:1      | Reached XP level 2. HP: 27/27 MP: 1/1
   127 | D:1      | Found Zaumomp's Antique Armour Shop.
   128 | D:1      | Found Idoap's Weapon Shop.
   304 | D:1      | Found Decear's Antique Weapon Boutique.
   304 | D:1      | Found Sihusi's Armour Boutique.
   396 | D:1      | Found Zediluanlek's Distillery.
   465 | D:1      | Found a faded altar of an unknown god.
   871 | D:2      | Found a white marble altar of Elyvilon.
   883 | D:2      | Reached XP level 3. HP: 33/33 MP: 2/2
  1034 | D:2      | Noticed Terence
  1044 | D:2      | Mangled by Terence

Illustrated notes

Levels and vault maps discovered:
D:1:      psy_arrival_conway, layout_basic, serial_shops,
          nicolae_shop_waterfront, shop, shop, shop,
          nicolae_shop_hallway_stairs, serial_rivers,
          chequers_serial_rivers_small_b, chequers_serial_rivers_large_b,
          chequers_serial_rivers_marsh, chequers_serial_rivers_micro_b,
          chequers_serial_rivers_small_a, chequers_serial_rivers_micro_b,
          hellmonk_ecumenical_altar_blasted
D:2:      layout_basic, basic_altar, corexii_corridor_pit, uniq_terence

Skill      XL: |  1  2 |
---------------+-------+-----
Shields        | 4 |  4.2
Armour         | 4 |  4.4
Fighting       | |  3.8
Long Blades    | |  2.6

Action                   || total
-------------------------++-------
Melee: Long sword        ||    45
       Headbutt          ||     3
  Use: Scroll            ||     3
Armor: Scale mail        ||    16
Dodge: Dodged            ||    30
Block: Buckler           ||    10
